[Event "Late-Titled-Tuesday-Blitz-March-19-2024"]
[Site "Chess.com"]
[Date "2024.03.19"]
[Round "3"]
[White "TheMagician"]
[Black "chess_blitz00"]
[Result "0-1"]
[WhiteElo "2219"]
[BlackElo "2443"]
[TimeControl "180+1"]
[EndTime "14:24:38 PDT"]
[Termination "chess_blitz00 won by resignation"]

1. d4 d6 2. e4 Nf6 3. Nc3 e5 4. dxe5 dxe5 5. Qxd8+ Kxd8 6. Bc4 Be6 7. Bxe6 fxe6 8. Nge2 Nbd7 9. Be3 Bd6 10. f3 Ke7 11. O-O-O a6 12. a3 b5 13. h4 Nb6 14. Kb1 Nc4 15. Bg5 c6 16. Ng3 h6 17. Bc1 Rab8 18.
h5 a5 19. Na2 Rhd8 20. Nf1 b4 21. axb4 axb4 22. b3 Na5 23. Bd2 c5 24. Ne3 Rd7 25. Nc1 Ra8 26. Ne2 Rda7 27. Kb2 Nc4+ 28. Nxc4 Ra2+ 0-1

[Event "Late-Titled-Tuesday-Blitz-March-19-2024"]
[Site "Chess.com"]
[Date "2024.03.19"]
[Round "3"]
[White "sacrifoice"]
[Black "Kopytkin"]
[Result "0-1"]
[WhiteElo "2216"]
[BlackElo "2436"]
[TimeControl "180+1"]
[EndTime "14:24:39 PDT"]
[Termination "Kopytkin won by resignation"]

1. e4 Nf6 2. Qe2 e5 3. Nf3 Nc6 4. g3 g6 5. Bg2 Bg7 6. O-O O-O 7. b3 d5 8. exd5 Nxd5 9. Bb2 Re8 10. Nc3 e4 11. Ne1 Nxc3 12. Bxc3 Bxc3 13. dxc3 f5 14. Rd1 Qf6 15. Qe3 Be6 16. f3 exf3 17. Qxf3 Rad8 18.
c4 Nd4 19. Qxb7 Ne2+ 20. Kf2 Rxd1 21. Kxe2 Rxe1+ 0-1

[Event "Late-Titled-Tuesday-Blitz-March-19-2024"]
[Site "Chess.com"]
[Date "2024.03.19"]
[Round "3"]
[White "ChristopherYoo"]
[Black "RodokininEV"]
[Result "1-0"]
[WhiteElo "2949"]
[BlackElo "2676"]
[TimeControl "180+1"]
[EndTime "14:24:45 PDT"]
[Termination "ChristopherYoo won by resignation"]

1. d4 Nf6 2. c4 g6 3. Nc3 Bg7 4. Nf3 d6 5. e4 O-O 6. Be2 Nbd7 7. O-O e5 8. Qc2 Qe7 9. Rd1 c6 10. Bg5 h6 11. Bh4 g5 12. Bg3 Nh5 13. dxe5 Nxg3 14. hxg3 Nxe5 15. Nd4 Rd8 16. b3 Rf8 17. Rd2 f5 18.
Nxf5 Bxf5 19. exf5 Rae8 20. Rad1 Rd8 21. Bh5 Qf6 22.
g4 Nxc4 23. Ne4 Qe5 24. bxc4 1-0

[Event "Late-Titled-Tuesday-Blitz-March-19-2024"]
[Site "Chess.com"]
[Date "2024.03.19"]
[Round "3"]
[White "SameerMujumdar"]
[Black "mind1mover"]
[Result "0-1"]
[WhiteElo "2528"]
[BlackElo "2812"]
[TimeControl "180+1"]
[EndTime "14:24:55 PDT"]
[Termination "mind1mover won by resignation"]

1. e4 e5 2. Nf3 Nc6 3. Bb5 a6 4. Ba4 d6 5. O-O Bd7 6. c4 Nge7 7. Nc3 Ng6 8. d4 Be7 9. Be3 O-O 10. Bxc6 Bxc6 11. Qd2 f5 12. d5 Bd7 13. exf5 Bxf5 14. Bg5 Bg4 15. Bxe7 Qxe7 16. Ng5 Nf4 17. Nge4 Bf3 18.
gxf3 Qh4 19. Kh1 Qh3 0-1

[Event "Late-Titled-Tuesday-Blitz-March-19-2024"]
[Site "Chess.com"]
[Date "2024.03.19"]
[Round "3"]
[White "shirovin"]
[Black "schondeln"]
[Result "0-1"]
[WhiteElo "2035"]
[BlackElo "2371"]
[TimeControl "180+1"]
[EndTime "14:24:56 PDT"]
[Termination "schondeln won by resignation"]

1. e4 d5 2. exd5 Qxd5 3. Nc3 Qa5 4. d4 Nf6 5. Bd2 Bg4 6. Nf3 c6 7. h3 Bh5 8. g4 Bg6 9. Ne5 Nbd7 10. Nxg6 hxg6 11.
Bg2 e6 12. Qe2 Qc7 13. d5 Nxd5 14. Nxd5 cxd5 15. Bxd5 Qxc2 16. Rc1 Qxb2 17. Bxe6 fxe6 18. Qxe6+ Be7 19. Rc7 Qe5+ 20. Qxe5 Nxe5 21. Rxb7 Nf3+ 22. Ke2 Nxd2 23. Kxd2 O-O-O+ 24. Ke2 Kxb7 0-1

[Event "Late-Titled-Tuesday-Blitz-March-19-2024"]
[Site "Chess.com"]
[Date "2024.03.19"]
[Round "3"]
[White "PapaieDudu"]
[Black "angelgab3"]
[Result "1-0"]
[WhiteElo "2468"]
[BlackElo "2631"]
[TimeControl "180+1"]
[EndTime "14:25:01 PDT"]
[Termination "PapaieDudu won by resignation"]

1. Nf3 d5 2. d4 Nf6 3. c4 e6 4.
Nc3 dxc4 5. e3 a6 6. a4 c5 7. Bxc4 Nc6 8. O-O Be7 9. dxc5 Qa5 10. Qe2 O-O 11. Rd1 Qxc5 12. e4 Qh5 13. e5 Ng4 14. Bf4 Bc5 15. Ne4 Ba7 16. h3 Nh6 17. Ng3 Qg6 18. Nh4 Nd4 19. Rxd4 Bxd4 20. Nxg6 fxg6 21. Be3 Bxe5 22. Bxh6 Bxg3 23. fxg3 gxh6 24. Bxe6+ Bxe6 25. Qxe6+ Rf7 26. Rf1 Rf8 27. a5 Kg7 28. Qe5+ Kg8 29. Qd5 Kg7 30. Qd4+ Kg8 31. Rxf7 Rxf7 32. b4 h5 33. g4 hxg4 34. Qxg4 h6 1-0

[Event "Late-Titled-Tuesday-Blitz-March-19-2024"]
[Site "Chess.com"]
[Date "2024.03.19"]
[Round "3"]
[White "HaryKane"]
[Black "rickywsb"]
[Result "1-0"]
[WhiteElo "2585"]
[BlackElo "2320"]
[TimeControl "180+1"]
[EndTime "14:25:15 PDT"]
[Termination "HaryKane won by checkmate"]

1. d4 d5 2. e3 Nf6 3. f4 g6 4. Nf3 Bg7 5. Bd3 Bf5 6. Bxf5 gxf5 7. O-O e6 8. Ne5 Nbd7 9. Nd2 h5 10. b3 h4 11. h3 Ne4 12. Nxe4 fxe4 13. Ba3 Nxe5 14.
fxe5 Qg5 15. Rf4 Qg3 16. Qe2 Bh6 17. Raf1 Bxf4 18. Rxf4 O-O-O 19. Rg4 Qxg4 20. Qxg4 Rdg8 21. Qf4 Rg7 22. Qf2 Rhg8 23. Be7 Rg3 24. Bxh4 Rxh3 25. Qxf7 Rxh4 26. Qxg8+ Kd7 27. Qf7+ Kc6 28. Qxe6+ Kb5 29. Qxd5+ Kb4 30. Qc4+ Ka5 31. b4+ Ka4 32. Qxc7 Ka3 33. e6 Ka4 34. e7 Rh8 35. Qd7+ b5 36. e8=Q Rxe8 37. Qxe8 a5 38. bxa5 Ka3 39. Qxb5 Kxa2 40. a6 Ka1 41. a7 Ka2 42. a8=Q# 1-0

[Event "Late-Titled-Tuesday-Blitz-March-19-2024"]
[Site "Chess.com"]
[Date "2024.03.19"]
[Round "3"]
[White "AndreyNeves"]
[Black "Kumi29"]
[Result "0-1"]
[WhiteElo "2118"]
[BlackElo "2578"]
[TimeControl "180+1"]
[EndTime "14:25:20 PDT"]
[Termination "Kumi29 won by resignation"]

1. d4 Nf6 2. c4 Nc6 3. Nf3 e6 4. a3 g6 5. Nc3 d6 6. e4 Bg7 7. h3 O-O 8. Be3 Re8 9. Qd2 e5 10. dxe5 Nxe5 11. Be2 Nxf3+ 12. Bxf3 Be6 13. Nd5 Bxd5 14.
exd5 Ne4 15. Bxe4 Rxe4 16. Rc1 Qf6 17. O-O b6 18. Rc2 Rae8 19. b4 Qh4 20. Rfc1 f5 21. Bg5 Qh5 22. c5 Re2 23. Qf4 Rxc2 24. Rxc2 Re1+ 25.
Kh2 Be5 0-1

[Event "Late-Titled-Tuesday-Blitz-March-19-2024"]
[Site "Chess.com"]
[Date "2024.03.19"]
[Round "3"]
[White "balack95"]
[Black "Gentlejimmy7"]
[Result "0-1"]
[WhiteElo "2461"]
[BlackElo "2652"]
[TimeControl "180+1"]
[EndTime "14:25:26 PDT"]
[Termination "Gentlejimmy7 won by checkmate"]

1. d4 f5 2. c4 Nf6 3. Nc3 g6 4. e4 fxe4 5. Bg5 Bg7 6. Bxf6 exf6 7. Nxe4 O-O 8. Qc2 f5 9. Ng3 Bxd4 10. O-O-O Nc6 11.
Nf3 Bg7 12. h4 a5 13. h5 Nb4 14. Qa4 d6 15. hxg6 hxg6 16. a3 Qf6 17. Rd2 Na2+ 18. Kb1 Nc3+ 19. bxc3 Qxc3 20. Bd3 Ra6 21. Ka2 Rb6 22. Qc2 Qf6 23. Rb1 a4 24. Rxb6 Qa1# 0-1

[Event "Late-Titled-Tuesday-Blitz-March-19-2024"]
[Site "Chess.com"]
[Date "2024.03.19"]
[Round "3"]
[White "Boundless_Strike"]
[Black "Narek_Ghimoyan"]
[Result "0-1"]
[WhiteElo "2623"]
[BlackElo "2462"]
[TimeControl "180+1"]
[EndTime "14:25:26 PDT"]
[Termination "Narek_Ghimoyan won by resignation"]

1. d4 Nf6 2. Nc3 e6 3. e4 d5 4. Be3 dxe4 5. f3 exf3 6. Nxf3 Bb4 7. Bd3 b6 8. O-O Bb7 9. Qe1 Nbd7 10. Qh4 Qe7 11.
a3 Bd6 12. Nb5 O-O-O 13. Nxa7+ Kb8 14. Nb5 Nd5 15. Bg5 f6 16. Bd2 g5 17. Qe1 Bf4 18.
c4 Bxd2 19. Qxd2 Nf4 20. a4 c6 21. Nc3 Qb4 22. a5 bxa5 23. Ra4 Qb6 24. c5 Nxc5 25. dxc5 Qxc5+ 26. Kh1 Nxd3 27. Ne4 Qb5 28. Rxa5 Qb6 29. Rfa1 g4 30. Nh4 f5 0-1

[Event "Late-Titled-Tuesday-Blitz-March-19-2024"]
[Site "Chess.com"]
[Date "2024.03.19"]
[Round "3"]
[White "vugarrasulov"]
[Black "santosalberto1987"]
[Result "1-0"]
[WhiteElo "2953"]
[BlackElo "2566"]
[TimeControl "180+1"]
[EndTime "14:25:31 PDT"]
[Termination "vugarrasulov won by resignation"]

1. Nf3 d5 2. g3 Nf6 3. Bg2 e6 4. O-O Be7 5. c4 O-O 6. b3 b6 7.
cxd5 exd5 8. d4 Bb7 9. Nc3 Nbd7 10. Bf4 Ne4 11. Rc1 c5 12. h4 Rc8 13. Nxe4 dxe4 14.
Ng5 Nf6 15. dxc5 Bxc5 16. Qxd8 Rfxd8 17. Rfd1 h6 18. Nh3 Ng4 19. e3 f5 20. Bf1 Kf7 21. Be2 Nf6 22. Be5 Rd5 23. Bc4 Rd8 24.
Nf4 Ke7 25. Bxf6+ Kxf6 26. Bxd5 1-0

[Event "Late-Titled-Tuesday-Blitz-March-19-2024"]
[Site "Chess.com"]
[Date "2024.03.19"]
[Round "3"]
[White "DenLaz"]
[Black "MightyMike_009"]
[Result "0-1"]
[WhiteElo "3099"]
[BlackElo "2782"]
[TimeControl "180+1"]
[EndTime "14:25:37 PDT"]
[Termination "MightyMike_009 won by resignation"]

1. d4 Nf6 2. c4 e6 3. Nf3 d5 4. g3 Bb4+ 5. Bd2 Be7 6. Bg2 O-O 7.
Qc2 c6 8. O-O Ne4 9. Bf4 g5 10. Be3 f5 11. Nc3 Bf6 12. Rad1 Nd7 13. Ne5 Nd6 14. Nxd7 Bxd7 15. b3 Qe7 16. Bc1 Bg7 17.
Ba3 Rfd8 18. e4 fxe4 19. Bxe4 dxe4 20. Nxe4 Be8 21. Qe2 Bf7 22. d5 exd5 23. Bxd6 Rxd6 24. Qd3 Bg6 0-1

[Event "Late-Titled-Tuesday-Blitz-March-19-2024"]
[Site "Chess.com"]
[Date "2024.03.19"]
[Round "3"]
[White "kriscacco"]
[Black "iturrizaga"]
[Result "0-1"]
[WhiteElo "2110"]
[BlackElo "3009"]
[TimeControl "180+1"]
[EndTime "14:25:37 PDT"]
[Termination "iturrizaga won by resignation"]

1. d4 Nf6 2. Nf3 c5 3. c3 g6 4. Bf4 Bg7 5. e3 O-O 6. h3 Qb6 7. Qb3 d6 8. Nbd2 Be6 9. Qxb6 axb6 10. a3 Bd5 11. Bd3 Bc6 12. Ke2 b5 13. e4 Re8 14.
Rhe1 c4 15. Bc2 e5 16. dxe5 Nh5 17. Be3 dxe5 18. g3 Nd7 19. Nh2 Bf8 20. Nhf1 Nc5 21. f3 Rad8 22. Red1 Nd3 23. Bxd3 cxd3+ 24. Kf2 f5 25. Bb6 Rd7 26. Ne3 fxe4 27. fxe4 Nf6 28. Kf3 Nxe4 29. Nxe4 Rf7+ 30. Kg2 Bxe4+ 31. Kg1 Rf3 32.
Kh2 Rf2+ 33. Kg1 Rxb2 34. a4 bxa4 35. Rxa4 Bf3 36. Nc4 Rxb6 0-1

[Event "Late-Titled-Tuesday-Blitz-March-19-2024"]
[Site "Chess.com"]
[Date "2024.03.19"]
[Round "3"]
[White "SchmakAttack"]
[Black "Sandstad"]
[Result "1-0"]
[WhiteElo "2834"]
[BlackElo "2503"]
[TimeControl "180+1"]
[EndTime "14:25:38 PDT"]
[Termination "SchmakAttack won by resignation"]

1. d4 Nf6 2. c4 e6 3. Nc3 d5 4. Nf3 Be7 5. Bf4 O-O 6. Rc1 b6 7.
cxd5 Nxd5 8. Nxd5 Qxd5 9. a3 c5 10. dxc5 Qxd1+ 11. Rxd1 Bxc5 12. e3 Ba6 13. Bxa6 Nxa6 14.
b4 Be7 15. Rd7 Bf6 16. Ke2 Nb8 17. Rc7 Na6 18. Rb7 Rfd8 19. Rc1 Bb2 20. Rc2 Bf6 21. Be5 Bxe5 22. Nxe5 Kf8 23. Rxf7+ 1-0

[Event "Late-Titled-Tuesday-Blitz-March-19-2024"]
[Site "Chess.com"]
[Date "2024.03.19"]
[Round "3"]
[White "Zq1"]
[Black "DrKerfuffle"]
[Result "1-0"]
[WhiteElo "2634"]
[BlackElo "2850"]
[TimeControl "180+1"]
[EndTime "14:25:38 PDT"]
[Termination "Zq1 won by resignation"]

1. d4 Nf6 2. c4 e5 3. dxe5 Ng4 4. Bf4 g5 5. Bg3 Bg7 6. Nf3 Nc6 7. h4 Ngxe5 8. Nxe5 Nxe5 9. e3 d6 10. Nc3 g4 11. h5 Be6 12. Rc1 O-O 13. b3 c6 14.
h6 Bf6 15. Ne4 Be7 16. Be2 f5 17. Nc3 Bg5 18. Bf4 Bxf4 19. exf4 Nf7 20. Qd4 1-0

[Event "Late-Titled-Tuesday-Blitz-March-19-2024"]
[Site "Chess.com"]
[Date "2024.03.19"]
[Round "3"]
[White "Kiborg95"]
[Black "FairChess_on_YouTube"]
[Result "0-1"]
[WhiteElo "2767"]
[BlackElo "3151"]
[TimeControl "180+1"]
[EndTime "14:25:39 PDT"]
[Termination "FairChess_on_YouTube won by resignation"]

1. e4 c5 2. Nc3 Nc6 3. Nge2 g6 4. d4 cxd4 5. Nxd4 Bg7 6. Be3 Nf6 7. Bc4 O-O 8. Bb3 d6 9. f3 a5 10. Ndb5 Nd7 11.
Qe2 Nc5 12. Rd1 b6 13. Bd5 Qd7 14. O-O Ba6 15. Qd2 Rac8 16. Rfe1 Nb4 17. a3 Nxd5 18. exd5 Bxb5 19. Nxb5 Qxb5 0-1

[Event "Late-Titled-Tuesday-Blitz-March-19-2024"]
[Site "Chess.com"]
[Date "2024.03.19"]
[Round "3"]
[White "cristiano78"]
[Black "MathiasWomacka"]
[Result "0-1"]
[WhiteElo "2267"]
[BlackElo "2511"]
[TimeControl "180+1"]
[EndTime "14:25:42 PDT"]
[Termination "MathiasWomacka won by resignation"]

1. d4 Nf6 2. c4 e6 3. Nf3 Bb4+ 4.
Bd2 Qe7 5. Nc3 b6 6. a3 Bxc3 7. Bxc3 Ne4 8. Rc1 Bb7 9. g3 O-O 10. Bg2 d6 11. O-O Nd7 12. b4 Nxc3 13. Rxc3 c5 14.
dxc5 dxc5 15. Rd3 Nf6 16. b5 Rfd8 17. Ne5 Rxd3 18. Qxd3 Rd8 19. Qe3 Bxg2 20. Kxg2 Qd6 21. Nc6 Rd7 22. Ra1 a6 23. a4 h6 24. a5 bxa5 25. Rxa5 axb5 26. cxb5 c4 27. Ra8+ Kh7 28. Qc3 Qd5+ 29. f3 Qxb5 30. Ne5 Rc7 31. Ra5 Nd5 32.
Rxb5 Nxc3 33. Rb4 Nd5 34. Rxc4 Ne3+ 35. Kf2 Nxc4 0-1

[Event "Late-Titled-Tuesday-Blitz-March-19-2024"]
[Site "Chess.com"]
[Date "2024.03.19"]
[Round "3"]
[White "Vadim_Galchenko"]
[Black "AktilekAskarovich"]
[Result "0-1"]
[WhiteElo "2601"]
[BlackElo "2400"]
[TimeControl "180+1"]
[EndTime "14:25:45 PDT"]
[Termination "AktilekAskarovich won by resignation"]

1. e4 c6 2. c4 d5 3. exd5 cxd5 4. cxd5 Nf6 5. Bb5+ Nbd7 6. Nc3 a6 7. Be2 Nb6 8.
Nf3 Nbxd5 9. d4 Bg4 10. Qb3 Nxc3 11. bxc3 Qc7 12. Ne5 Be6 13. Qa4+ Bd7 14. Qb3 e6 15.
Bf4 Bd6 16. O-O O-O 17. Nxd7 Qxd7 18. Bxd6 Qxd6 19. Qxb7 Nd5 20. Rac1 Rfb8 21. Qxa8 Rxa8 22. c4 Nf4 23. Bf3 Rc8 24. g3 Nh3+ 25. Kg2 Ng5 26. Bb7 Rc7 27. c5 Qxd4 28. Rfd1 Qf6 29. Bxa6 Qf3+ 30. Kf1 h5 31. h4 Ne4 32. Rc2 Qxd1+ 0-1

[Event "Late-Titled-Tuesday-Blitz-March-19-2024"]
[Site "Chess.com"]
[Date "2024.03.19"]
[Round "3"]
[White "biostatistician"]
[Black "wallowss"]
[Result "1-0"]
[WhiteElo "2580"]
[BlackElo "2138"]
[TimeControl "180+1"]
[EndTime "14:25:45 PDT"]
[Termination "biostatistician won by checkmate"]

1. d4 Nf6 2. Nf3 g6 3. c4 Bg7 4.
Nc3 d5 5. cxd5 Nxd5 6. e4 Nxc3 7.
bxc3 c5 8. Be3 Nc6 9. Rc1 O-O 10.
d5 Na5 11. Bxc5 b6 12. Bd4 Bh6 13. Rc2 f5 14. Bd3 fxe4 15. Bxe4 Bf5 16. Qe2 Qd7 17. O-O Rac8 18. Re1 Nc4 19. Bxf5 Qxf5 20. Qxe7 Qxc2 21. Qe6+ Rf7 22. Qxc8+ Bf8 23. Qxc4 g5 24. d6 g4 25.
Ng5 Qd2 26. Qxf7# 1-0

[Event "Late-Titled-Tuesday-Blitz-March-19-2024"]
[Site "Chess.com"]
[Date "2024.03.19"]
[Round "3"]
[White "MetiForce"]
[Black "koncheto"]
[Result "1-0"]
[WhiteElo "2909"]
[BlackElo "2551"]
[TimeControl "180+1"]
[EndTime "14:25:47 PDT"]
[Termination "MetiForce won by resignation"]

1. c4 Nf6 2. Nc3 e6 3. e4 d5 4. e5 d4 5. exf6 dxc3 6. bxc3 Qxf6 7. Nf3 b6 8. d4 Bb7 9. Bd3 h6 10. Qe2 Bd6 11. Be4 c6 12. O-O O-O 13. Rb1 Nd7 14. a4 Qe7 15. a5 Rfd8 16. c5 Bc7 17. a6 Bc8 18. Bxc6 Rb8 19. cxb6 Rxb6 20. Rxb6 Nxb6 21.
Bb5 Nd5 22. Bd2 Bf4 23. c4 Bxd2 24. cxd5 Bf4 25. dxe6 Bxe6 26. Bc4 Re8 27. Re1 Qb4 28. Qa2 Qb6 29. Bxe6 fxe6 30. g3 Bc7 31. d5 Kf7 32. dxe6+ Rxe6 33. Nd4 1-0

[Event "Late-Titled-Tuesday-Blitz-March-19-2024"]
[Site "Chess.com"]
[Date "2024.03.19"]
[Round "3"]
[White "NovakRatko"]
[Black "ACollins05"]
[Result "0-1"]
[WhiteElo "2412"]
[BlackElo "2556"]
[TimeControl "180+1"]
[EndTime "14:25:49 PDT"]
[Termination "ACollins05 won by resignation"]

1. d4 d5 2. c4 e6 3. cxd5 exd5 4. Nc3 c6 5. f3 Nf6 6. e4 Bb4 7. e5 Nfd7 8. f4 c5 9. dxc5 Nxc5 10. Nf3 Nc6 11.
Bb5 O-O 12. O-O Bxc3 13. bxc3 Ne4 14. Bb2 Qb6+ 15. Nd4 Nxd4 16. Qxd4 Qxb5 17. Ba3 Rd8 18. Rad1 Bg4 19. Rb1 Qc4 20. Rxb7 Nxc3 21. Qxc4 dxc4 22.
h3 Bf5 23. g4 Be4 24. Rc7 Rd2 25. Rxc4 Rg2+ 26. Kh1 Rxa2+ 27. Rxe4 Nxe4 0-1

[Event "Late-Titled-Tuesday-Blitz-March-19-2024"]
[Site "Chess.com"]
[Date "2024.03.19"]
[Round "3"]
[White "carloseduar100"]
[Black "Hikaru"]
[Result "0-1"]
[WhiteElo "2258"]
[BlackElo "3249"]
[TimeControl "180+1"]
[EndTime "14:25:50 PDT"]
[Termination "Hikaru won by resignation"]

1. g3 a6 2. Bg2 h5 3. d4 h4 4. c4 e6 5. Nc3 Nc6 6. Bf4 g5 7. Bc1 Bg7 8. e3 d6 9. Nge2 e5 10.
dxe5 Nxe5 11. c5 h3 12. Be4 f5 13. Bd5 dxc5 14. O-O c6 15. Bh1 Qxd1 16. Rxd1 g4 17.
e4 Nf6 18. exf5 Bxf5 19. Bf4 Nh5 20. Bxe5 Bxe5 21. Na4 Rh7 22. Nxc5 Bxb2 23. Nxb7 Bxa1 24. Nd6+ Kf8 25. Nxf5 Be5 26. Bxc6 Rc8 27. Ba4 Nf6 28. Ned4 Bxd4 29. Rxd4 Rc1+ 30. Bd1 Rd7 31. Rxd7 Nxd7 32. Ne3 Ne5 33. Kf1 Ra1 34. a4 Nf3 35. Nxg4 Nxh2+ 36. Nxh2 Rxd1+ 37. Ke2 Rh1 38. Nf3 h2 0-1

[Event "Late-Titled-Tuesday-Blitz-March-19-2024"]
[Site "Chess.com"]
[Date "2024.03.19"]
[Round "3"]
[White "ArchibaldCerveza29"]
[Black "EsmeraldasAnderson03"]
[Result "0-1"]
[WhiteElo "2366"]
[BlackElo "2552"]
[TimeControl "180+1"]
[EndTime "14:25:52 PDT"]
[Termination "EsmeraldasAnderson03 won by resignation"]

1. e4 c5 2. Nf3 d6 3. d4 cxd4 4. Nxd4 Nf6 5. Nc3 a6 6. h3 e6 7.
g4 d5 8. e5 Nfd7 9. Bf4 Nc6 10. Nxc6 bxc6 11. Bd3 Rb8 12. Rb1 Bb4 13. O-O O-O 14.
Ne2 c5 15. c3 Ba5 16. Re1 Bc7 17. Ng3 f6 18. Qc2 h6 19. Nh5 fxe5 20. Bg3 e4 21.
Bf1 Nf6 22. Nxf6+ Rxf6 23. Bh4 g5 24. Bg3 Bxg3 25. fxg3 Qc7 26. Qg2 Bb7 27. Be2 d4 28. Rf1 Rbf8 29. h4 d3 30. hxg5 hxg5 31. Rxf6 Rxf6 32.
Bf1 e3 33. Qh3 e2 34. Bg2 d2 0-1

[Event "Late-Titled-Tuesday-Blitz-March-19-2024"]
[Site "Chess.com"]
[Date "2024.03.19"]
[Round "3"]
[White "ChessSwole"]
[Black "yosephtaher"]
[Result "0-1"]
[WhiteElo "2705"]
[BlackElo "2958"]
[TimeControl "180+1"]
[EndTime "14:25:55 PDT"]
[Termination "yosephtaher won by resignation"]

1. d4 Nf6 2. c4 c5 3. d5 b5 4. cxb5 a6 5. bxa6 Bxa6 6. Nc3 g6 7. e4 Bxf1 8. Kxf1 d6 9. g3 Bg7 10. Kg2 O-O 11. Nf3 Ng4 12. a4 Qb6 13. Ra3 Na6 14. Nb5 Nc7 15. Nc3 Rfb8 16. Nd2 Ne5 17. f4 Nd7 18. Nc4 Qa6 19. Ne3 Rb4 20. Qc2 Rab8 21. Rd1 h5 22. h4 Bd4 23. Nf1 Nf6 24.
Nd2 Bxc3 25. Rxc3 Qe2+ 26. Kg1 Ng4 27. Nf1 Qxc2 28. Rxc2 Rxe4 29. a5 Nb5 30. Nd2 Re2 31. Kf1 Nd4 32. Rc4 Ne3+ 33. Kg1 Nxc4 34. Nxc4 Rc2 35.
Ne3 Rxc1 0-1

[Event "Late-Titled-Tuesday-Blitz-March-19-2024"]
[Site "Chess.com"]
[Date "2024.03.19"]
[Round "3"]
[White "betta2004"]
[Black "EcosseKillie"]
[Result "0-1"]
[WhiteElo "2532"]
[BlackElo "2316"]
[TimeControl "180+1"]
[EndTime "14:25:59 PDT"]
[Termination "EcosseKillie won by resignation"]

1. e4 Nf6 2. e5 Nd5 3. d4 d6 4. c4 Nb6 5. exd6 exd6 6. Nc3 Be7 7. Be3 O-O 8. Be2 Nc6 9. Nf3 Bg4 10.
O-O Bxf3 11. Bxf3 Nxc4 12. Qb3 Nxe3 13. fxe3 Rb8 14. Rac1 Bg5 15. Nd5 Re8 16. Rc3 Na5 17. Qa4 c6 18. Nb4 Rxe3 19. Nd3 b5 20. Qc2 d5 21.
Ne5 Rxc3 22. Qxc3 Bf6 23. Nxc6 Nxc6 24. Qxc6 Bxd4+ 25. Kh1 Qf6 26. b3 Qxc6 0-1

[Event "Late-Titled-Tuesday-Blitz-March-19-2024"]
[Site "Chess.com"]
[Date "2024.03.19"]
[Round "3"]
[White "Evandro_Barbosa"]
[Black "GHANDEEVAM2003"]
[Result "1-0"]
[WhiteElo "2733"]
[BlackElo "3030"]
[TimeControl "180+1"]
[EndTime "14:26:00 PDT"]
[Termination "Evandro_Barbosa won by resignation"]

1. e4 g6 2. d4 Bg7 3. Nc3 c6 4.
Nf3 d5 5. h3 Nf6 6. e5 Ne4 7.
Nxe4 dxe4 8. Ng5 c5 9. Bc4 O-O 10. c3 cxd4 11. cxd4 Nc6 12. Be3 Qa5+ 13. Kf1 b5 14.
Bb3 Bb7 15. h4 Nb4 16. h5 Nd5 17. Qg4 h6 18. hxg6 hxg5 19. Qh3 Rfd8 20. gxf7+ Kxf7 21. Qh5+ Kf8 22. e6 1-0

[Event "Late-Titled-Tuesday-Blitz-March-19-2024"]
[Site "Chess.com"]
[Date "2024.03.19"]
[Round "3"]
[White "Road2GM3000"]
[Black "SocoLoco"]
[Result "0-1"]
[WhiteElo "2380"]
[BlackElo "2166"]
[TimeControl "180+1"]
[EndTime "14:26:13 PDT"]
[Termination "SocoLoco won by checkmate"]

1. d4 d5 2. c4 Nc6 3. Nc3 e5 4. cxd5 Nxd4 5. e3 Nf5 6. e4 Nd4 7. Nf3 Bg4 8. Be2 Bxf3 9. Bxf3 Nf6 10. O-O Be7 11. Be3 c5 12. dxc6 bxc6 13. Rc1 O-O 14.
Ne2 c5 15. Nxd4 cxd4 16. Bg5 Qb6 17. b3 a5 18. Rc4 a4 19. bxa4 Qa6 20. Qc2 Rfd8 21.
Rd1 h6 22. Bh4 Rdc8 23. Be2 Rxc4 24. Bxc4 Qxa4 25. Bb3 Qd7 26. Qc4 Bf8 27. Bxf6 gxf6 28. Rd3 Rc8 29. Qa6 Rc1+ 30. Bd1 Qg4 31. Qa4 Qxe4 32.
Qb3 Qe1# 0-1

[Event "Late-Titled-Tuesday-Blitz-March-19-2024"]
[Site "Chess.com"]
[Date "2024.03.19"]
[Round "3"]
[White "MidnightFox"]
[Black "Bryanl106"]
[Result "1-0"]
[WhiteElo "2517"]
[BlackElo "2674"]
[TimeControl "180+1"]
[EndTime "14:26:17 PDT"]
[Termination "MidnightFox won by resignation"]

1. e4 e5 2. Nf3 Nc6 3. Bb5 a6 4. Ba4 Nf6 5. d3 b5 6. Bb3 Be7 7. Nc3 O-O 8. a3 d6 9. h3 Na5 10. Ba2 c5 11. g4 Nc6 12. g5 Ne8 13. Nd5 Be6 14. Be3 Nc7 15. c4 Bxd5 16. cxd5 Nd4 17. h4 f5 18. Nxd4 exd4 19. Bd2 fxe4 20. dxe4 Qe8 21. Qg4 Qf7 22. O-O-O d3 23. f4 c4 24. h5 Rfc8 25. g6 Qf8 26. gxh7+ Kh8 27. h6 gxh6 28. Bc3+ Bf6 29. Qg8+ Qxg8 30. hxg8=Q+ Kxg8 31. Bxf6 Kh7 32. f5 Rf8 33. Rxh6+ 1-0

[Event "Late-Titled-Tuesday-Blitz-March-19-2024"]
[Site "Chess.com"]
[Date "2024.03.19"]
[Round "3"]
[White "HonzaVykouk"]
[Black "WindWhistler11"]
[Result "1-0"]
[WhiteElo "2759"]
[BlackElo "2520"]
[TimeControl "180+1"]
[EndTime "14:26:18 PDT"]
[Termination "HonzaVykouk won by resignation"]

1. c4 Nf6 2. Nc3 d6 3. d4 c6 4. e4 Bg4 5. f3 Bc8 6. Be3 Nbd7 7.
Qd2 e5 8. d5 Qc7 9. g4 Be7 10.
h4 h6 11. O-O-O a6 12. Kb1 c5 13. Nge2 Nb6 14. Ng3 Rb8 15. Bd3 Na8 16. g5 Ng8 17.
Nf5 Bf8 18. f4 Bxf5 19. exf5 f6 20. fxe5 dxe5 21. Ne4 Bd6 22. Be2 Nb6 23. Bh5+ Kd8 24. b3 Nc8 25. Rdg1 b5 26. Ka1 bxc4 27. bxc4 Rb4 28.
Be2 Nb6 29. Qc2 Ne7 30. gxf6 Nxf5 31. fxg7 Rg8 32. Nxd6 Nxd6 33. Qh7 Ne8 34. Qxg8 e4 35.
Qxe8+ Kxe8 36. g8=Q+ Kd7 37. Rg7+ 1-0

[Event "Late-Titled-Tuesday-Blitz-March-19-2024"]
[Site "Chess.com"]
[Date "2024.03.19"]
[Round "3"]
[White "JaackCamel"]
[Black "Der_Balak_3Halak"]
[Result "0-1"]
[WhiteElo "2200"]
[BlackElo "2417"]
[TimeControl "180+1"]
[EndTime "14:26:18 PDT"]
[Termination "Der_Balak_3Halak won by resignation"]

1. d4 d5 2. c4 dxc4 3. Nf3 Bf5 4. e3 b5 5. a4 c6 6. b3 cxb3 7. axb5 Bc2 8. Qd2 Qb6 9. Na3 Nd7 10. Nxc2 bxc2 11.
bxc6 Qxc6 12. Bd3 Rc8 13. O-O Ngf6 14. Rxa7 e6 15. Ne5 Nxe5 16. dxe5 Nd5 17. Be4 Bb4 18. Qxb4 Nxb4 19. Bxc6+ Nxc6 20. Ra2 Nxe5 21. Bb2 Nd3 22. Bc1 O-O 23. g3 Rfd8 24. Kg2 Rc5 25. Kf3 e5 26. Ke2 e4 27. f3 f5 28. g4 g6 29. h4 Kf7 30. h5 Ke6 31. hxg6 hxg6 32. gxf5+ gxf5 33. fxe4 fxe4 34. Ra6+ Ke5 35. Raf6 Nxc1+ 36. Ke1 Rd1+ 0-1

[Event "Late-Titled-Tuesday-Blitz-March-19-2024"]
[Site "Chess.com"]
[Date "2024.03.19"]
[Round "3"]
[White "Onischuk_V"]
[Black "EvilMorty23"]
[Result "1-0"]
[WhiteElo "2805"]
[BlackElo "2488"]
[TimeControl "180+1"]
[EndTime "14:26:20 PDT"]
[Termination "Onischuk_V won by checkmate"]

1. e4 e6 2. d4 d5 3. Bd3 Nf6 4. e5 Nfd7 5. f4 c5 6. c3 Nc6 7. Nf3 Qb6 8. Be2 cxd4 9. cxd4 f6 10. Nc3 Be7 11. a3 O-O 12. Na4 Qd8 13. Be3 Nb6 14. Nc3 Nc4 15. Bxc4 dxc4 16. Qe2 Na5 17. Rd1 Bd7 18.
d5 exd5 19. Nxd5 Ba4 20. Nxf6+ gxf6 21. Rxd8 Raxd8 22. O-O Rd3 23. Bd4 Nb3 24. exf6 Bxf6 25. Qe6+ Kg7 26. Qe7+ Kg6 27. f5+ Kh5 28. Qxh7+ Kg4 29.
Qh3+ Kf4 30. Nd2+ Kg5 31. Ne4# 1-0